 Dungeon Crawl Stone Soup version 0.31.0-32-g396128a36d (webtiles) character file.

Game seed: 16098034395947236619

12516 chippings the Cleaver (level 11, -1/94 HPs)
             Began as a Black Draconian Wanderer on Apr 5, 2024.
             Was a Priest of Lugonu.
             Slain by a skeletal warrior
             ... wielding a +0 mace
              (12 damage)
             ... on level 10 of the Dungeon.
             The game lasted 00:32:49 (10454 turns).

chippings the Cleaver (Black Draconian Wanderer)   Turns: 10454, Time: 00:32:49

Health: -1/94      AC: 14    Str: 19    XL:     11   Next: 63%
Magic:  15/15      EV: 17    Int: 12    God:    Lugonu [***...]
Gold:   1086       SH: 11    Dex: 11    Spells: 0/10 levels left

rFire   . . .        j - +0 broad axe (spect)
rCold   . . .        a - +2 kite shield
rNeg    . . .        (body armour unavailable)
rPois   .            (helmet restricted)
rElec   +            L - +0 cloak
rCorr   .            F - +2 pair of gloves
SInv    +            m - +2 pair of boots
Will    .....        (no amulet)
Stlth   ++           r - ring of see invisible
HPRegen 0.35/turn    l - +5 ring of evasion
MPRegen 0.14/turn

%: no passive effects
@: no status effects
A: breathe lightning, AC +7, unfitting armour, electricity resistance,
cold-blooded
a: Breathe Lightning, Renounce Religion, Depart the Abyss, Banish


You were on level 10 of the Dungeon.
You worshipped Lugonu.
Lugonu was most pleased with you.
You visited 2 branches of the dungeon, and saw 11 of its levels.
You visited the Abyss 1 time.
You also visited: Bailey.

You collected 1086 gold pieces.

Inventory:

Hand Weapons
 j - a +0 spectral broad axe (weapon)
 O - a +0 broad axe
Missiles
 e - 26 poisoned darts
 i - 2 javelins
 z - 5 curare-tipped darts
 D - a throwing net
Armour
 a - a +2 kite shield (worn)
 m - a +2 pair of boots (worn)
 F - a +2 pair of gloves (worn)
 L - a +0 cloak (worn)
Jewellery
 h - a ring of ice
 k - a +4 ring of protection
 l - a +5 ring of evasion (right hand)
 r - a ring of see invisible (left hand)
 P - a ring of ice
Wands
 c - a wand of flame (11) (quivered)
 v - a wand of paralysis (2)
 y - a wand of roots (7)
 H - a wand of mindburst (3)
 K - a wand of acid (3)
Scrolls
 d - 2 scrolls of blinking
 g - a scroll of noise
 o - 2 scrolls of revelation
 s - 5 scrolls of vulnerability
 t - a scroll of poison
 u - a scroll of enchant armour
 C - 2 scrolls of fog
 E - a scroll of silence
 I - a scroll of amnesia {unknown}
 Q - a scroll of immolation
Potions
 b - 2 potions of mutation
 n - a potion of haste
 p - 2 potions of ambrosia
 w - a potion of cancellation
 x - 2 potions of brilliance
 A - 2 potions of berserk rage
 B - a potion of resistance
 G - a potion of attraction
 J - 2 potions of curing
 M - 4 potions of enlightenment


   Skills:
 - Level 8.0 Fighting
 - Level 2.0 Long Blades
 + Level 9.1 Axes
 + Level 5.5 Dodging
 - Level 2.0 Stealth
 + Level 5.5 Shields
 + Level 5.1 Summonings
 + Level 7.3 Ice Magic
 + Level 7.9 Air Magic
 + Level 5.8 Invocations
 - Level 2.0 Evocations


You couldn't memorise any spells.
You knew the following spells:

 Your Spells              Type           Power      Damage    Failure   Level
a - Summon Ice Beast      Ice/Summ       14%        N/A       19%         3
b - Swiftness             Air            19%        N/A       9%          3
c - Airstrike             Air            9%         2d(2-18)  30%         4

Your spell library contained the following spells:

 Spells                   Type           Power      Damage    Failure   Level
 Summon Small Mammal      Summ           48%        N/A       10%         1
 Shock                    Conj/Air       36%        1d5       16%         1
 Call Canine Familiar     Summ           12%        N/A       28%         3
 Magic Dart               Conj           0%         1d3       61%         1
 Searing Ray              Conj           0%         2d4       75%         2
 Summon Blazeheart Golem  Fire/Summ      6%         N/A       95%         4
 Brom's Barrelling Bould  Conj/Erth      0%         2d3       100%        4
 Fulminant Prism          Conj/Alch      0%         3d5       100%        4
 Fireball                 Conj/Fire      0%         3d3       100%        5
 Iskenderun's Battlesphe  Conj           0%         2d6       100%        5
 Summon Mana Viper        Hex/Summ       6%         N/A       100%        5
 Conjure Ball Lightning   Conj/Air       4%         3x3d6     100%        6
 Monstrous Menagerie      Summ           6%         N/A       100%        7
 Orb of Destruction       Conj           0%         9d5       100%        7


Dungeon Overview and Level Annotations

Branches:
Dungeon (10/15)            Temple (1/1) D:7            Lair (0/5) D:10
 Bailey (visited)
    Orc: D:9-12

Altars:
Ashenzari
Cheibriados
Dithmenos
Elyvilon
Fedhas
Gozag
Hepliaklqana
Kikubaaqudgha
Makhleb
Nemelex Xobeh
Okawaru
Qazlal
Ru
Sif Muna
Trog
Uskayaw
Vehumet
Wu Jian
Xom
Yredelemnul
Zin
The Shining One

Shops:
D:4 (   D:7 [

Annotations:
Temple 2 transporters
Abyss:1 Amaemon


Innate Abilities, Weirdness & Mutations

You can breathe wild blasts of lightning.
Your glossy black scales are hard. (AC +7)
You cannot fit into any form of body armour.
You are resistant to electric shocks. (rElec)
You are cold-blooded and may be slowed by cold attacks.


Message History

Aim: a killer bee The roots erupt in riotous growth!
Roots grab the killer bee. x2
Your +0 spectral broad axe disappears.
The grasping roots constrict the killer bee!
The grasping roots constrict the killer bee.
You hear an angry buzzing noise.
You hear a shout!
You block the killer bee's attack. x2
Unknown command.
Unknown command.
You barely miss the wight.
Your tail-slap misses the wight.
You slash the killer bee!
You kill the killer bee!
Lugonu accepts your kill.
Your +0 spectral broad axe hits the wight.
Your +0 spectral broad axe misses the killer bee.
The grasping roots constrict the killer bee!
The killer bee misses your +0 spectral broad axe.
The killer bee stings your +0 spectral broad axe but does no damage.
The wight barely misses you.
You hit the wight but do no damage.
The wight is moderately damaged.
Your +0 spectral broad axe hits the wight!!
You destroy the wight!
Lugonu accepts your kill.
Your +0 spectral broad axe barely misses the killer bee.
The grasping roots constrict the killer bee!
You kill the killer bee!
Lugonu accepts your kill.
Your +0 spectral broad axe disappears.
Things that are here:
a +0 scimitar; a +0 robe; a yak corpse The orc warrior attacks as it pursues you!
The orc warrior barely misses you.
Blink to where?
Press: ? - help, Dir - move target
As you read the scroll of blinking, it crumbles to dust.
The skeletal warrior attacks as it pursues you!
The skeletal warrior hits you with a +0 mace!
You die...

.............###.###.###.##Oc.###
.............#)...)#..yy.#.#.#.
.............###.#####.##########
.............#.....# ..D ##
.............#####.#..u.. #.
#########....#.z†..#.$D... #.
#..#.#.###.#°.R..## #k
#..#.#.....#°R○..# #.
#..#.###@############# ##
#########..#.#.z## #... #...###.
.............#.#..##)#####y#..##.
.............##...#y.#!...y.#..y.
######..####.# #.#o#†###.##..#.#.
#..# #.# #§.#.y.y.###...#. #..#
#.####################
######..####....[................
.........................#####...


You could see a skeletal warrior.

Vanquished Creatures
  2 two-headed ogres
  Maurice (D:9)
  A nameless horror (D:8)
  A hornet (D:10)
  A troll (D:9)
  7 yaks
  A shadow (D:10)
  2 wyverns
  2 steam dragons (D:8)
  An acid dragon (D:10)
  Duvessa (D:4)
  3 water moccasins
  A black bear (D:7)
  2 ice beasts
  6 orc warriors
  A kobold brigand (D:9)
  2 gnoll sergeants
  3 bullfrogs
  4 scorpions
  5 wights
  Dowan (D:4)
  8 killer bees
  4 howler monkeys
  2 bombardier beetles
  2 jellies
  6 orc priests
  3 hounds
  A sleepcap (D:7)
  Jessica (D:2)
  3 iguanas
  7 orc wizards
  18 gnolls
  8 adders
  2 white imps
  4 ufetubi
  2 dart slugs
  3 ribbon worms
  32 orcs
  9 ball pythons
  9 endoplasms
  4 giant cockroaches
  9 goblins
  8 hobgoblins
  4 jackals (D:5)
  19 kobolds
  2 quokkas
  6 bats
  6 frilled lizards
  4 rats
234 creatures vanquished.

Vanquished Creatures (collateral kills)
  An orange demon (D:10)
  2 trolls
  12 yaks
  A wraith (D:7)
  A black bear (D:7)
  3 orc warriors (Bailey)
  An ogre (D:6)
  A centaur (D:6)
  A killer bee (D:9)
  A nameless horror (D:8)
  An orc priest (D:9)
  2 gnoll boudas
  An orc wizard (D:8)
  7 gnolls
  7 orcs
  A hobgoblin (Bailey)
  4 kobolds (Bailey)
47 creatures vanquished.

Grand Total: 281 creatures vanquished

Notes
Turn   | Place    | Note
-------+----------+-------------------------------------------
     0 | D:1      | chippings the Draconian Wanderer began the quest for the
                  | Orb.
     0 | D:1      | chippings set off with the following items: a +0 long
                  | sword, a +0 hand axe, a wand of flame (4), a scroll of
                  | blinking.
     0 | D:1      | Reached XP level 1. HP: 16/16 MP: 1/1
   188 | D:1      | Reached XP level 2. HP: 23/23 MP: 2/2
   739 | D:1      | Reached XP level 3. HP: 28/29 MP: 3/3
  1041 | D:2      | Reached XP level 4. HP: 36/37 MP: 4/4
  1484 | D:2      | Noticed Jessica
  1492 | D:2      | Reached skill level 4 in Axes
  1496 | D:2      | Killed Jessica
  1497 | D:2      | Reached XP level 5. HP: 15/45 MP: 5/5
  2696 | D:4      | Found a white marble altar of Elyvilon.
  2868 | D:4      | Reached XP level 6. HP: 47/52 MP: 6/6
  2880 | D:4      | Learned a level 3 spell: Summon Ice Beast
  2994 | D:4      | Reached skill level 5 in Axes
  3107 | D:4      | Noticed Duvessa
  3108 | D:4      | Noticed Dowan
  3126 | D:4      | Killed Dowan
  3135 | D:4      | Killed Duvessa
  3136 | D:4      | Reached skill level 1 in Summonings
  3136 | D:4      | Reached skill level 1 in Ice Magic
  3253 | D:4      | Your scales start taking on a glossy black colour.
  3253 | D:4      | Reached XP level 7. HP: 48/60 MP: 7/7
  3253 | D:4      | Gained mutation: You are resistant to electric shocks.
                  | (rElec) [Black Draconian growth]
  3430 | D:4      | Found Loafoimmuh's Weapon Shoppe.
  3846 | D:5      | Entered Level 5 of the Dungeon
  3867 | D:5      | Reached skill level 5 in Fighting
  3921 | D:5      | Found an ornate altar of the Wu Jian Council.
  4007 | D:5      | Learned a level 3 spell: Swiftness
  4053 | D:5      | Found a glowing silver altar of Zin.
  4078 | D:5      | Reached skill level 6 in Axes
  4083 | D:5      | Reached XP level 8. HP: 20/69 MP: 1/8
  4352 | D:5      | Reached skill level 1 in Air Magic
  5481 | D:7      | Found Lian's Antique Armour Shop.
  5517 | D:7      | Reached skill level 7 in Axes
  5517 | D:7      | Reached XP level 9. HP: 62/78 MP: 9/9
  5845 | D:7      | Found a snail-covered altar of Cheibriados.
  5845 | D:7      | Found a glowing golden altar of the Shining One.
  6090 | D:7      | Found a staircase to the Ecumenical Temple.
  6118 | Temple   | Found a transporter.
  6118 | Temple   | Found a transporter.
  6118 | Temple   | Found a transporter.
  6118 | Temple   | Found a transporter.
  6118 | Temple   | Entered the Ecumenical Temple
  6135 | Temple   | Became a worshipper of Sif Muna the Loreminder
  6499 | D:7      | Reached skill level 1 in Shields
  6605 | D:7      | Reached skill level 5 in Ice Magic
  6605 | D:7      | Reached skill level 1 in Invocations
  6677 | D:7      | Found an iron altar of Okawaru.
  6910 | D:8      | Found a stormy altar of Qazlal.
  6920 | D:8      | Noticed a two-headed ogre
  6966 | D:8      | Found a blossoming altar of Fedhas.
  7112 | D:8      | Reached skill level 5 in Air Magic
  7207 | D:8      | Found a sparkling altar of Nemelex Xobeh.
  7210 | D:8      | Noticed a nameless horror
  7219 | D:8      | Killed a nameless horror
  7404 | D:8      | Killed a two-headed ogre
  7405 | D:8      | Reached XP level 10. HP: 32/88 MP: 7/12
  7849 | Abyss:1  | Cast into level 1 of the Abyss (wight)
  7869 | Abyss:1  | Found a corrupted altar of Lugonu.
  7884 | Abyss:1  | Found a corrupted altar of Lugonu.
  7890 | Abyss:1  | Fell from the grace of Sif Muna
  7890 | Abyss:1  | Became a worshipper of Lugonu the Unformed
  7890 | Abyss:1  | Reached * piety under Lugonu
  7890 | Abyss:1  | Reached ** piety under Lugonu
  7891 | D:8      | Escaped the Abyss
  8175 | D:9      | Reached skill level 8 in Axes
  8342 | D:9      | Noticed Maurice
  8358 | D:9      | Maurice stole 2 javelins
  8361 | D:9      | Killed Maurice
  8639 | D:9      | Found a flagged portal.
  8666 | Bailey   | Entered a bailey
  8747 | Bailey   | Noticed an orc knight
  8747 | Bailey   | Noticed an orc knight
  9052 | Bailey   | Banished an orc knight
  9053 | Bailey   | Reached XP level 11. HP: 94/94 MP: 6/14
  9054 | Bailey   | Banished an orc knight
  9055 | Bailey   | Reached skill level 5 in Invocations
  9528 | D:10     | Entered Level 10 of the Dungeon
  9784 | D:10     | Noticed Amaemon
  9788 | D:10     | Banished Amaemon
  9789 | D:10     | Reached skill level 5 in Dodging
  9789 | D:10     | Reached skill level 5 in Shields
  9960 | D:10     | Paralysed by a hornet for 1 turns
  9975 | D:10     | Reached skill level 9 in Axes
 10097 | D:10     | Found a staircase to the Lair.
 10181 | D:10     | Learned a level 4 spell: Airstrike
 10209 | D:10     | Noticed a two-headed ogre
 10221 | D:10     | Killed a two-headed ogre
 10387 | D:10     | Reached *** piety under Lugonu
 10388 | D:10     | Reached skill level 5 in Summonings
 10389 | D:10     | Noticed a skeletal warrior
 10390 | D:10     | Noticed a skeletal warrior
 10394 | D:10     | Noticed a skeletal warrior
 10396 | D:10     | Noticed a six-headed hydra
 10396 | D:10     | Noticed a cyan ugly thing
 10396 | D:10     | Noticed an eight-headed hydra
 10397 | D:10     | Noticed a two-headed ogre
 10399 | D:10     | Noticed a deep elf pyromancer
 10399 | D:10     | Noticed a five-headed hydra
 10454 | D:10     | Slain by a skeletal warrior

Illustrated notes

Levels and vault maps discovered:
D:1:      dpeg_arrival_long_road, layout_basic, serial_co_window_serial,
          co_window_corner_a, co_window_corner_a, co_window_corner_a,
          co_window_paths_a, co_window_corner_a, co_window_corner_b,
          co_window_broadway_a, co_window_cross_4, co_window_2corner,
          st_stairs_9
D:2:      minmay_wonky_spiral, layout_rooms, grunt_ministairs_3,
          kennysheep_jessica_study
D:3:      layout_loops_corners
D:4:      layout_gridville, old_standard_altar, serial_shops,
          nicolae_shop_rolling_square, serial_co_window_serial,
          co_window_paths_a, co_window_paths_a, co_window_corner_a,
          co_window_corner_a, co_window_corner_a, co_window_paths_a,
          co_window_corner_a, co_window_of_opportunity_a, co_window_paths_a,
          co_window_corner_cb, co_window_unsneaky_path_d, co_window_paths_c,
          co_window_corner_cb, co_window_broadway_b, glass_columns_b,
          minivault_1, minmay_stone_trees_small, uniq_duvessa
D:5:      layout_rooms, nicolae_wu_jian_wuxing_cycle, zin_academy
D:6:      layout_rooms
D:7:      layout_layer_cave, mainiacjoe_overflow_small_starburst,
          gammafunk_temple_overflow_pools, minmay_temple_entry_statues_pillars,
          serial_shops, nicolae_shop_stone
D:8:      minmay_goldmine, layout_rooms, mainiacjoe_overflow_cross_hatched,
          lemuel_round_altar, fedhas_altar_fruit_tree
D:9:      layout_rooms, enter_bailey_5, uniq_maurice
D:10:     minmay_the_grid_square_5x5_4x4 [minmay_the_grid_square_5x5_bracketed,
          minmay_the_grid_square_5x5_three_small,
          minmay_the_grid_square_5x5_two_walls_a,
          minmay_the_grid_square_5x5_shrine1,
          minmay_the_grid_square_5x5_detours,
          minmay_the_grid_square_5x5_prize_monsterx,
          minmay_the_grid_square_5x5_prize_deathbox,
          minmay_the_grid_square_5x5_comb, minmay_the_grid_square_5x5_inner_z,
          minmay_the_grid_square_5x5_prize_itemx,
          minmay_the_grid_square_5x5_prize_open, minmay_the_grid_square_5x5_six,
          minmay_the_grid_square_5x5_one_wall,
          minmay_the_grid_square_5x5_hollow_slash,
          minmay_the_grid_square_5x5_spiral, minmay_the_grid_square_5x5_corner],
          layout_long_grid, lair_entry_dummy, uniq_amaemon
Temple:   hellmonk_temple_divided_pantheon

Skill      XL: |  1  2  3  4  5  6  7  8  9 10 11 |
---------------+----------------------------------+-----
Fighting       | 2 3 4 5 6 7 8 |  8.0
Dodging        | 2 3 4 5 |  5.5
Stealth        | 2 |  2.0
Axes           | 4 5 6 7 8 9 |  9.1
Summonings     | 1 3 4 5 |  5.1
Ice Magic      | 1 3 4 5 6 7 |  7.3
Air Magic      | 4 5 7 |  7.9
Shields        | 2 4 5 |  5.5
Invocations    | 3 4 5 |  5.8
Long Blades    | |  2.0
Evocations     | |  2.0

Action                     |  1- 3 |  4- 6 |  7- 9 | 10-12 || total
---------------------------+-------+-------+-------+-------++-------
  Melee: Hand axe          |    37 |       |       |       ||    37
         Long sword        |     2 |       |       |       ||     2
         War axe           |    41 |   198 |   299 |   248 ||   786
         Tailslap          |     7 |    17 |    42 |    71 ||   137
         Punch             |       |     4 |     3 |       ||     7
         Broad axe         |       |       |       |    89 ||    89
   Cast: Summon Ice Beast  |       |       |    15 |    22 ||    37
 Invoke: Banish            |       |       |       |     3 ||     3
         Depart the Abyss  |       |       |       |     1 ||     1
Ability: Breathe Lightning |       |       |       |     1 ||     1
  Evoke: Wand              |       |     1 |     3 |     7 ||    11
    Use: Scroll            |       |     4 |    10 |    15 ||    29
         Potion            |       |     1 |     4 |     1 ||     6
   Stab: Sleeping          |     1 |     4 |       |     2 ||     7
         Paralysed         |       |     5 |     3 |    13 ||    21
         Distracted        |       |       |     2 |     5 ||     7
 Armour: Skin              |    51 |   143 |   265 |   170 ||   629
  Dodge: Dodged            |    57 |   150 |   344 |   219 ||   770
  Block: Kite shield       |       |       |    73 |   242 ||   315
